| TOP OF THE 1ST |
|
Midland RockHounds batting - Pitching for Northwest Arkansas Naturals : RHP Matt Voulgaris
|
|
Pitching: RHP Matt Voulgaris
|
|
|
Batting: LHB Zachary DeLuca
|
0-0: Ball 1-0: Fly out, F9 (Flyball, 89M, EV 95.0 MPH)
|
|
Batting: SHB Rich Muniz
|
0-0: SOLO HOME RUN (Line Drive, 9D, EV 100.0 MPH), Distance : 413 ft
|
|
Batting: RHB Dave Glenn
|
0-0: Called Strike 0-1: Called Strike 0-2: Ball 1-2: SINGLE (Groundball, 56D, EV 103.8 MPH)
|
|
Batting: RHB Luis Restrepo
|
0-0: Ball 1-0: Foul Ball, location: 2F 1-1: Swinging Strike 1-2: Ground out U3 (Groundball, 3S, EV 70.0 MPH) Dave Glenn to second
|
|
Batting: LHB Chance Stever
|
0-0: Ground out U3 (Groundball, 3, EV 80.6 MPH)
|
| Top of the 1st over - 1 run, 2 hits, 0 errors, 1 left on base; Midland 1 - Northwest Arkansas 0 |
| BOTTOM OF THE 1ST |
|
Northwest Arkansas Naturals batting - Pitching for Midland RockHounds : RHP Mike Staley
|
|
Pitching: RHP Mike Staley
|
|
|
Batting: RHB Danny Weisse
|
0-0: Ball 1-0: Ball 2-0: Called Strike 2-1: Fly out, F8 (Flyball, 8LM, EV 91.9 MPH)
|
|
Batting: RHB Yi-lin Niu
|
0-0: Ball 1-0: Ball 2-0: Fly out, F8 (Flyball, 78D, EV 93.8 MPH)
|
|
Batting: RHB Alex Cid
|
0-0: Ball 1-0: Called Strike 1-1: Swinging Strike 1-2: Ball 2-2: DOUBLE (Flyball, 89D, EV 103.8 MPH)
|
|
Batting: RHB Kevin Roseen
|
0-0: Ball 1-0: Ball 2-0: Ball 3-0: Base on Balls
|
|
Batting: SHB Jason Anaya
|
0-0: Ball 1-0: Ball 2-0: Called Strike 2-1: Foul Ball, location: 2F 2-2: Strikes out swinging
|
| Bottom of the 1st over - 0 runs, 1 hit, 0 errors, 2 left on base; Midland 1 - Northwest Arkansas 0 |
| TOP OF THE 2ND |
|
Midland RockHounds batting - Pitching for Northwest Arkansas Naturals : RHP Matt Voulgaris
|
|
Batting: LHB Billy Schultz
|
0-0: Ground out U3 (Groundball, 3, EV 81.9 MPH)
|
|
Batting: RHB Eduardo Chavez
|
0-0: Foul Ball, location: 2F 0-1: Ball 1-1: Swinging Strike 1-2: Strikes out swinging
|
|
Batting: RHB Danny Heikkila
|
0-0: Ball 1-0: Ball 2-0: Foul Ball, location: 2F 2-1: Fly out, F7 (Flyball, 7LM, EV 89.4 MPH)
|
| Top of the 2nd over - 0 runs, 0 hits, 0 errors, 0 left on base; Midland 1 - Northwest Arkansas 0 |
| BOTTOM OF THE 2ND |
|
Northwest Arkansas Naturals batting - Pitching for Midland RockHounds : RHP Mike Staley
|
|
Batting: LHB Josh Moore
|
0-0: Ball 1-0: Swinging Strike 1-1: Ball 2-1: Foul Ball, location: 2F 2-2: Foul Ball, location: 2F 2-2: Foul Ball, location: 2F 2-2: Foul Ball, location: 2F 2-2: SINGLE (Flyball, 5D, EV 86.9 MPH)
|
|
Batting: RHB Kevin Allen
|
0-0: Foul Ball, location: 2F 0-1: Ball 1-1: Ball 2-1: Foul Ball, location: 2F 2-2: Foul Ball, location: 2F 2-2: Ball 3-2: Base on Balls Josh Moore to second
|
|
Batting: RHB Ben Minge
|
0-0: Called Strike 0-1: Ball 1-1: Ball 2-1: Foul Ball, location: 2F 2-2: Ball 3-2: Strikes out swinging
|
|
Batting: LHB Joel Page
|
0-0: Bunted foul 0-1: Ball 1-1: Bunted foul 1-2: Bunt missed, Strikeout!
|
|
Batting: RHB Danny Weisse
|
0-0: Fly out, F7 (Line Drive, 7, EV 105.0 MPH)
|
| Bottom of the 2nd over - 0 runs, 1 hit, 0 errors, 2 left on base; Midland 1 - Northwest Arkansas 0 |
| TOP OF THE 3RD |
|
Midland RockHounds batting - Pitching for Northwest Arkansas Naturals : RHP Matt Voulgaris
|
|
Batting: SHB Ian Finley
|
0-0: Called Strike 0-1: Foul Ball, location: 2F 0-2: Ball 1-2: Ball 2-2: Ball 3-2: Strikes out swinging
|
|
Batting: LHB Zachary DeLuca
|
0-0: Called Strike 0-1: Ball 1-1: Foul Ball, location: 2F 1-2: Ground out 5-3 (Groundball, 56, EV 87.5 MPH)
|
|
Batting: SHB Rich Muniz
|
0-0: Foul Ball, location: 2F 0-1: Foul Ball, location: 2F 0-2: Foul Ball, location: 2F 0-2: Ball 1-2: Foul Ball, location: 2F 1-2: Strikes out swinging
|
| Top of the 3rd over - 0 runs, 0 hits, 0 errors, 0 left on base; Midland 1 - Northwest Arkansas 0 |
| BOTTOM OF THE 3RD |
|
Northwest Arkansas Naturals batting - Pitching for Midland RockHounds : RHP Mike Staley
|
|
Batting: RHB Yi-lin Niu
|
0-0: Ball 1-0: Ball 2-0: Ground out 6-3 (Groundball, 6, EV 86.2 MPH)
|
|
Batting: RHB Alex Cid
|
0-0: Ball 1-0: Foul Ball, location: 2F 1-1: Ball 2-1: Swinging Strike 2-2: Fly out, F6 (Popup, 15, EV 81.9 MPH)
|
|
Batting: RHB Kevin Roseen
|
0-0: Called Strike 0-1: Ball 1-1: Foul Ball, location: 2F 1-2: Ball 2-2: Hit by Pitch
|
|
Batting: SHB Jason Anaya
|
0-0: Foul Ball, location: 2F 0-1: Ball 1-1: Ball 2-1: Reached on error, E6 (Groundball, 6, EV 88.1 MPH) Kevin Roseen to second
|
|
Batting: LHB Josh Moore
|
0-0: Ball 1-0: Ball 2-0: Ball 3-0: Base on Balls Kevin Roseen to third Jason Anaya to second
|
|
Batting: RHB Kevin Allen
|
0-0: Ball 1-0: Foul Ball, location: 2F 1-1: Foul Ball, location: 2F 1-2: Strikes out swinging
|
| Bottom of the 3rd over - 0 runs, 0 hits, 1 error, 3 left on base; Midland 1 - Northwest Arkansas 0 |
| TOP OF THE 4TH |
|
Midland RockHounds batting - Pitching for Northwest Arkansas Naturals : RHP Matt Voulgaris
|
|
Batting: RHB Dave Glenn
|
0-0: Called Strike 0-1: Ground out 5-3 (Groundball, 56, EV 86.2 MPH)
|
|
Batting: RHB Luis Restrepo
|
0-0: Called Strike 0-1: Called Strike 0-2: Foul Ball, location: 2F 0-2: Foul Ball, location: 2F 0-2: Ball 1-2: Ground out 5-3 (Groundball, 5, EV 103.1 MPH)
|
|
Batting: LHB Chance Stever
|
0-0: Fly out, F8 (Flyball, 8RS, EV 94.4 MPH)
|
| Top of the 4th over - 0 runs, 0 hits, 0 errors, 0 left on base; Midland 1 - Northwest Arkansas 0 |
| BOTTOM OF THE 4TH |
|
Northwest Arkansas Naturals batting - Pitching for Midland RockHounds : RHP Mike Staley
|
|
Batting: RHB Ben Minge
|
0-0: Called Strike 0-1: SINGLE (Flyball, 78M, EV 96.9 MPH)
|
|
Batting: LHB Joel Page
|
0-0: Sac Bunt to 3S - play at first, batter OUT! 3-1 Ben Minge to second
|
|
Batting: RHB Danny Weisse
|
0-0: Called Strike 0-1: Ball 1-1: Ball 2-1: Foul Ball, location: 2F 2-2: Strikes out swinging
|
|
Batting: RHB Yi-lin Niu
|
0-0: Ground out 6-3 (Groundball, 6, EV 101.2 MPH)
|
| Bottom of the 4th over - 0 runs, 1 hit, 0 errors, 1 left on base; Midland 1 - Northwest Arkansas 0 |
| TOP OF THE 5TH |
|
Midland RockHounds batting - Pitching for Northwest Arkansas Naturals : RHP Matt Voulgaris
|
|
Batting: LHB Billy Schultz
|
0-0: Ball 1-0: Ground out 6-3 (Groundball, 6M, EV 85.6 MPH)
|
|
Batting: RHB Eduardo Chavez
|
0-0: Ball 1-0: TRIPLE (Flyball, 9LD, EV 105.6 MPH)
|
|
Batting: RHB Danny Heikkila
|
0-0: Foul Ball, location: 2F 0-1: Swinging Strike 0-2: Ball 1-2: Strikes out swinging
|
|
Batting: SHB Ian Finley
|
0-0: Fly out, F9 (Line Drive, 9, EV 92.5 MPH)
|
| Top of the 5th over - 0 runs, 1 hit, 0 errors, 1 left on base; Midland 1 - Northwest Arkansas 0 |
| BOTTOM OF THE 5TH |
|
Northwest Arkansas Naturals batting - Pitching for Midland RockHounds : RHP Mike Staley
|
|
Batting: RHB Alex Cid
|
0-0: Called Strike 0-1: Ball 1-1: Ground out 3-1 (Groundball, 34, EV 91.9 MPH)
|
|
Batting: RHB Kevin Roseen
|
0-0: Foul Ball, location: 2F 0-1: DOUBLE (Flyball, 8LXD, EV 88.8 MPH)
|
|
Batting: SHB Jason Anaya
|
0-0: Called Strike 0-1: Ball 1-1: Ball 2-1: Called Strike 2-2: Ground out 6-3 (Groundball, 6D, EV 78.8 MPH)
|
|
Batting: LHB Josh Moore
|
0-0: Ball 1-0: Fly out, F9 (Flyball, 9S, EV 91.2 MPH)
|
| Bottom of the 5th over - 0 runs, 1 hit, 0 errors, 1 left on base; Midland 1 - Northwest Arkansas 0 |
| TOP OF THE 6TH |
|
Midland RockHounds batting - Pitching for Northwest Arkansas Naturals : RHP Matt Voulgaris
|
|
Pitching: RHP Philip Terrell
|
|
|
Batting: LHB Zachary DeLuca
|
0-0: Ball 1-0: Ball 2-0: Ball 3-0: Base on Balls
|
|
Batting: SHB Rich Muniz
|
0-0: Ball 1-0: Ball 2-0: Ball Zachary DeLuca steals 2nd base (no throw) 3-0: Base on Balls
|
|
Batting: RHB Dave Glenn
|
0-0: Swinging Strike 0-1: Ball 1-1: SINGLE (Flyball, 3D, EV 90.0 MPH) Zachary DeLuca to third Rich Muniz to second
|
|
Batting: RHB Luis Restrepo
|
0-0: Called Strike 0-1: Swinging Strike 0-2: Strikes out swinging
|
|
Batting: LHB Chance Stever
|
0-0: Swinging Strike 0-1: Swinging Strike 0-2: Ball 1-2: Strikes out looking
|
|
Batting: LHB Billy Schultz
|
0-0: Ball 1-0: Ball 2-0: Foul Ball, location: 2F 2-1: Foul Ball, location: 2F 2-2: Strikes out swinging
|
| Top of the 6th over - 0 runs, 1 hit, 0 errors, 3 left on base; Midland 1 - Northwest Arkansas 0 |
| BOTTOM OF THE 6TH |
|
Northwest Arkansas Naturals batting - Pitching for Midland RockHounds : RHP Mike Staley
|
|
Batting: RHB Kevin Allen
|
0-0: Swinging Strike 0-1: Ball 1-1: Reached on error, E5 (Groundball, 56S, EV 80.0 MPH)
|
|
Batting: RHB Ben Minge
|
0-0: Ball 1-0: Grounds into double play, 5-4-3 (Groundball, 56, EV 96.9 MPH)
|
|
Batting: LHB Joel Page
|
0-0: Ground out 4-3 (Groundball, 4, EV 91.2 MPH)
|
| Bottom of the 6th over - 0 runs, 0 hits, 1 error, 0 left on base; Midland 1 - Northwest Arkansas 0 |
| TOP OF THE 7TH |
|
Midland RockHounds batting - Pitching for Northwest Arkansas Naturals : RHP Philip Terrell
|
|
Pitching: LHP Jake Warwick
|
|
|
Batting: RHB Eduardo Chavez
|
0-0: Foul Ball, location: 2F 0-1: Ball 1-1: Ball 2-1: Foul Ball, location: 2F 2-2: Ball 3-2: Strikes out swinging
|
|
Batting: RHB Danny Heikkila
|
0-0: Ball 1-0: Called Strike 1-1: Ball 2-1: Foul Ball, location: 2F 2-2: Hit by Pitch
|
|
Batting: SHB Ian Finley
|
0-0: Ball Danny Heikkila steals 2nd base 1-0: Called Strike 1-1: Ball 2-1: Swinging Strike 2-2: Strikes out swinging
|
|
Batting: LHB Zachary DeLuca
|
0-0: Ball 1-0: Foul Ball, location: 2F 1-1: Foul Ball, location: 2F 1-2: Ball 2-2: Ball 3-2: Foul Ball, location: 2F 3-2: Foul Ball, location: 2F 3-2: Foul Ball, location: 2F 3-2: Base on Balls
|
|
Pitching: RHP Tim Tucker
|
|
|
Batting: SHB Rich Muniz
|
0-0: Ball 1-0: Foul Ball, location: 2F 1-1: Ball 2-1: Called Strike 2-2: Ball 3-2: Fly out, F7 (Flyball, 7LM, EV 98.8 MPH)
|
| Top of the 7th over - 0 runs, 0 hits, 0 errors, 2 left on base; Midland 1 - Northwest Arkansas 0 |
| BOTTOM OF THE 7TH |
|
Northwest Arkansas Naturals batting - Pitching for Midland RockHounds : RHP Mike Staley
|
|
Batting: RHB Danny Weisse
|
0-0: Ball 1-0: Fly out, F8 (Flyball, 8RD, EV 100.0 MPH)
|
|
Batting: RHB Yi-lin Niu
|
0-0: Foul Ball, location: 2F 0-1: Ground out 5-3 (Groundball, 5L, EV 108.8 MPH)
|
|
Batting: RHB Alex Cid
|
0-0: Ball 1-0: Ground out 1-3 (Groundball, 15, EV 72.5 MPH)
|
| Bottom of the 7th over - 0 runs, 0 hits, 0 errors, 0 left on base; Midland 1 - Northwest Arkansas 0 |
| TOP OF THE 8TH |
|
Midland RockHounds batting - Pitching for Northwest Arkansas Naturals : RHP Tim Tucker
|
|
Batting: RHB Dave Glenn
|
0-0: Called Strike 0-1: Ball 1-1: Called Strike 1-2: Ball 2-2: Fly out, F7 (Flyball, 78S, EV 83.1 MPH)
|
|
Batting: RHB Luis Restrepo
|
0-0: Foul Ball, location: 2F 0-1: Ball 1-1: Ball 2-1: Ball 3-1: Base on Balls
|
|
Batting: LHB Chance Stever
|
0-0: Called Strike 0-1: Swinging Strike 0-2: SINGLE (Flyball, 8RXD, EV 103.8 MPH) Luis Restrepo to second
|
|
Pitching: RHP Vinny Reveles
|
|
|
Batting: LHB Billy Schultz
|
0-0: Ball 1-0: Fielders Choice at 2nd, 4-6 (Groundball, 4, EV 104.4 MPH) Luis Restrepo to third
|
|
Batting: RHB Eduardo Chavez
|
0-0: Ball Billy Schultz steals 2nd base 1-0: Foul Ball, location: 2F 1-1: Ground out U3 (Groundball, 3S, EV 70.0 MPH)
|
| Top of the 8th over - 0 runs, 1 hit, 0 errors, 2 left on base; Midland 1 - Northwest Arkansas 0 |
| BOTTOM OF THE 8TH |
|
Northwest Arkansas Naturals batting - Pitching for Midland RockHounds : RHP Mike Staley
|
|
Now at 2B: Danny Heikkila
|
|
|
Now at 3B: Eduardo Chavez
|
|
|
Now at SS: Carlos Ballesteros
|
|
|
Batting: RHB Kevin Roseen
|
0-0: Called Strike 0-1: Ball 1-1: Foul Ball, location: 2F 1-2: Foul Ball, location: 2F 1-2: SINGLE (Flyball, 6D, EV 91.9 MPH)
|
|
Pitching: LHP Bobby Dahlgren
|
|
|
Batting: SHB Jason Anaya
|
0-0: Ball 1-0: Fielders Choice at 2nd, 6-4 (Groundball, 6MS, EV 89.4 MPH)
|
|
Batting: LHB Josh Moore
|
0-0: Foul Ball, location: 2F 0-1: Ball 1-1: Ball 2-1: Swinging Strike 2-2: Foul Ball, location: 2F 2-2: Strikes out swinging
|
|
Batting: RHB Kevin Allen
|
0-0: Ground out 4-3 (Groundball, 34, EV 87.5 MPH)
|
| Bottom of the 8th over - 0 runs, 1 hit, 0 errors, 1 left on base; Midland 1 - Northwest Arkansas 0 |
| TOP OF THE 9TH |
|
Midland RockHounds batting - Pitching for Northwest Arkansas Naturals : RHP Vinny Reveles
|
|
Pinch Hitting: LHB John Shults
|
0-0: Called Strike 0-1: Called Strike 0-2: Ball 1-2: SINGLE (Line Drive, 4M, EV 100.0 MPH)
|
|
Batting: SHB Ian Finley
|
0-0: 2-RUN HOME RUN (Flyball, 9LD, EV 94.4 MPH), Distance : 358 ft
|
|
Batting: LHB Zachary DeLuca
|
0-0: SINGLE (Groundball, 4MD, EV 101.2 MPH)
|
|
Batting: SHB Rich Muniz
|
0-0: Swinging Strike 0-1: Foul Ball, location: 2F 0-2: Strikes out swinging
|
|
Batting: RHB Carlos Ballesteros
|
0-0: Ball 1-0: Ball 2-0: Called Strike 2-1: SINGLE (Groundball, 6MD, EV 106.9 MPH) (infield hit) Zachary DeLuca to second
|
|
Pitching: RHP Matt Slater
|
|
|
Batting: RHB Luis Restrepo
|
0-0: Called Strike 0-1: Foul Ball, location: 2F 0-2: Foul Ball, location: 2F 0-2: Ball 1-2: Foul Ball, location: 2F 1-2: Ball 2-2: Foul Ball, location: 2F 2-2: Foul Ball, location: 2F 2-2: Fly out, F9 (Flyball, 9S, EV 94.4 MPH)
|
|
Batting: LHB Chance Stever
|
0-0: Called Strike 0-1: Ball 1-1: 3-RUN HOME RUN (Flyball, 78XD, EV 108.8 MPH), Distance : 418 ft
|
|
Batting: LHB Billy Schultz
|
0-0: Ball 1-0: Called Strike 1-1: Ball 2-1: DOUBLE (Line Drive, 3D, EV 110.0 MPH)
|
|
Batting: RHB Eduardo Chavez
|
0-0: SINGLE (Flyball, 34D, EV 91.9 MPH) Billy Schultz to third Runner from 3rd tries for Home, SAFE, throw by RF to home
|
|
Batting: LHB John Shults
|
0-0: Ball 1-0: Ball 2-0: Ball 3-0: Called Strike 3-1: Base on Balls Eduardo Chavez to second
|
|
Pitching: RHP Matthew Orphan
|
|
|
Batting: SHB Ian Finley
|
0-0: Ball 1-0: Ball 2-0: Called Strike 2-1: Ball 3-1: Base on Balls Eduardo Chavez to third John Shults to second
|
|
Batting: LHB Zachary DeLuca
|
0-0: Called Strike 0-1: Foul Ball, location: 2F 0-2: Foul Ball, location: 2F 0-2: Ball 1-2: Foul Ball, location: 2F 1-2: Strikes out swinging
|
| Top of the 9th over - 6 runs, 7 hits, 0 errors, 3 left on base; Midland 7 - Northwest Arkansas 0 |
| BOTTOM OF THE 9TH |
|
Northwest Arkansas Naturals batting - Pitching for Midland RockHounds : LHP Bobby Dahlgren
|
|
Now at 2B: Carlos Ballesteros
|
|
|
Now at SS: Armando Estrada
|
|
|
Batting: RHB Ben Minge
|
0-0: Ground out 6-3 (Groundball, 6M, EV 101.9 MPH)
|
|
Batting: LHB Joel Page
|
0-0: Ball 1-0: Ball 2-0: Swinging Strike 2-1: Fly out, F7 (Flyball, 7, EV 88.8 MPH)
|
|
Batting: RHB Danny Weisse
|
0-0: Called Strike 0-1: Called Strike 0-2: Ball 1-2: Strikes out looking
|
| Bottom of the 9th over - 0 runs, 0 hits, 0 errors, 0 left on base; Midland 7 - Northwest Arkansas 0 |
|